AoeStats
← Nao do Conta de Trabaia

Arabia

507130158Analyzed
2v2 RM · 16d ago on Sep 16, 2026· 16m 30s· 4 players
Game mode
Random Map
Map size
Medium (4 player)
Population
200
Speed
Normal
Resources
Standard
Victory
Conquest
Starting age
Dark Age
Ending age
Imperial Age
RankedLock teamsTeams togetherTeam positionsShared explorationLock speedFull tech treeHidden civsTurbo modeCheats
Victory
Defeat
🇩🇪 Persians · Germany
1163
+16
🇩🇪 Chinese · Germany
1152
+17
🇧🇷 Burmese · Brazil
1199
-18
1135
-38
Fµ Ða BÎM§® König
0:29 Loom
10:40 Feudal Age
BIMSEBIENE
3:09 Loom
10:43 Feudal Age
15:51 Castle Age
14:12 Double-Bit Axe
14:41 Horse Collar
16:46 Heavy Plow
Nao do Conta de Trabaia
9:38 Feudal Age
7:57 Loom
13:59 Castle Age
zackeryjohnsoncyiwz
5:40 Loom
8:22 Feudal Age
9:48 Horse Collar
10:09 Double-Bit Axe
Connection lost

Rejoining the realm…

Still unreachable

The connection could not be restored.

Session expired

The server has moved on; the page needs a fresh start.